 Dungeon Crawl Stone Soup version 0.16.2-12-gd0ad4c3 (webtiles) character file.

1505 faibistes the Thaumaturge (level 8, -3/61 HPs)
             Began as a Deep Elf Wizard on Oct 25, 2018.
             Was a Follower of Sif Muna.
             Killed by divine providence
             ... invoked by an orc priest
              (16 damage)
             ... on level 6 of the Dungeon.
             The game lasted 00:19:14 (6633 turns).

faibistes the Thaumaturge (Deep Elf Wizard)         Turns: 6633, Time: 00:19:17

Health: -3/61      AC:  6    Str:  9    XL:     8   Next: 52%
Magic:  22/28      EV: 14    Int: 26    God:    Sif Muna [*.....]
Gold:   355        SH:  0    Dex: 13    Spells: 6 memorised, 11 levels left

rFire  . . .     SeeInvis .     p - +2 dagger (elec)
rCold  . . .     Clarity  .     a - +0 robe
rNeg   . . .     SustAb   .     (no shield)
rPois  .         Gourm    .     b - +0 hat
rElec  .         Spirit   .     r - +2 cloak
rCorr  .         Warding  .     q - +0 pair of gloves
rMut   .         Stasis   .     (no boots)
MR     .....                    (no amulet)
Stlth  ..........               (no ring)
                                (no ring)

@: berserking, repel missiles, very quick, not resistant to hostile
enchantments, extremely unstealthy
A: no striking features
a: Channel Energy, Renounce Religion


You were on level 6 of the Dungeon.
You worshipped Sif Muna.
Sif Muna was aware of your devotion.
You were not hungry.

You visited 2 branches of the dungeon, and saw 8 of its levels.

You collected 355 gold pieces.

Inventory:

Hand weapons
 e - a +2 hammer of protection
 h - a +0 dagger
 p - a +2 dagger of electrocution (weapon)
 s - a +1 dagger of draining
Armour
 a - a +0 robe (worn)
 b - a +0 hat (worn)
 q - a +0 pair of gloves (worn)
 r - a +2 cloak (worn)
Magical devices
 y - a wand of slowing (40)
Scrolls
 f - 3 scrolls of teleportation
 j - a scroll of magic mapping
 l - 3 scrolls of remove curse
 x - 2 scrolls of recharging
 C - a scroll of amnesia
Potions
 g - a potion of agility
 k - 2 potions of restore abilities
 m - a potion of poison
 n - 2 potions of magic
 o - a potion of curing {unknown}
 t - a potion of heal wounds {unknown}
 w - a potion of haste {unknown}
 A - a potion of berserk rage
 B - a potion of brilliance {unknown}
 D - 2 potions of mutation {unknown}
Books
 c - a book of Minor Magic

   Spells                             Type                      Level
   a - Magic Dart                     Conjuration                  1
   b - Blink                          Translocation                2
   c - Call Imp                       Summoning                    2
   d - Repel Missiles                 Charms/Air                   2
   e - Slow                           Hexes                        2
   f - Conjure Flame                  Conjuration/Fire             3
   g - Mephitic Cloud                 Conjuration/Poison/Air       3
Comestibles
 d - 6 bread rations
 u - 3 meat rations
 v - 2 beef jerkies
 z - a slice of pizza


   Skills:
 + Level 5.5 Dodging
 - Level 2.4 Stealth
 * Level 8.8 Spellcasting
 * Level 5.6 Conjurations
 - Level 1.1 Summonings
 - Level 2.4 Translocations
 * Level 3.5 Fire Magic
 * Level 3.3 Air Magic
 + Level 2.3 Poison Magic


You had 11 spell levels left.
You knew the following spells:

 Your Spells              Type           Power        Failure   Level  Hunger
a - Magic Dart            Conj           ####         1%          1    None
b - Conjure Flame         Conj/Fire      #####...     2%          3    None
c - Call Imp              Summ           ###.....     6%          2    None
d - Blink                 Tloc           N/A          2%          2    None
e - Mephitic Cloud        Conj/Pois/Air  ####....     4%          3    None
f - Repel Missiles        Chrm/Air       ###...       4%          2    None


Dungeon Overview and Level Annotations

Branches:
Dungeon (7/15)             Temple (1/1) D:4

Altars:
Cheibriados
Dithmenos
Elyvilon
Fedhas
Gozag
Kikubaaqudgha
Makhleb
Nemelex Xobeh
Okawaru
Qazlal
Ru
Sif Muna
Trog
Vehumet
Xom
Yredelemnul
Zin
The Shining One


Message History

Okay, then.
You're too confused to cast spells.
Drop what? 29/52 slots (_ for help) (? for menu, Esc to quit)
Okay, then.
Unknown command.
You hit the orc priest but do no damage.
The orc priest hits you but does no damage.
You bump into the rock wall.
The orc priest mumbles some strange prayers to Beogh.
You feel a wave of unholy energy pass over you.
You closely miss the orc priest.
The orc priest hits you but does no damage.
Drink which item? (? for menu, Esc to quit)
It was a potion of berserk rage.
A red film seems to cover your vision as you go berserk!
You feel yourself moving faster!
You feel mighty!
You feel less confused.
The orc priest mumbles some strange prayers to Beogh against you.
Something smites you!
You die...

#.......####..#
#..........#..#
....$...... ..#
.......... ..#
#...†# ..## #...<#
... #....####.#
#.#...§...##########
#.#########@........
#...).....o.########
#############


You could see an orc priest.

Vanquished Creatures
  The ghost of faibistes the Magician, an average DEWz (D:4)
  Eustachio (D:5)
  A water moccasin (D:5)
  An ice beast (D:5)
  2 ogres
  A phantom (D:7)
  Duvessa (D:5)
  A giant frog (D:6)
  A scorpion (D:6)
  A crimson imp (D:5)
  A goliath beetle (D:6)
  Dowan (D:5)
  2 hounds (D:5)
  Crazy Yiuf (D:2)
  An orc priest (D:3)
  An orc wizard (D:7)
  2 worker ants (D:4)
  Ijyb (D:3)
  A hound skeleton (D:5)
  Terence (D:2)
  A gnoll (D:7)
  13 adders
  2 shadow imps
  4 worms
  An adder zombie (D:5)
  2 giant geckos
  8 orcs
  A ball python (D:3)
  9 bats
  A bat zombie (D:5)
  14 hobgoblins
  2 jackals (D:6)
  5 kobolds
  2 quokkas
  2 giant cockroaches
  4 giant newts
  10 goblins
  15 rats
119 creatures vanquished.

Notes
Turn   | Place    | Note
--------------------------------------------------------------
     0 | D:1      | faibistes, the Deep Elf Wizard, began the quest for the Orb.
     0 | D:1      | Reached XP level 1. HP: 10/10 MP: 6/6
   304 | D:1      | Reached XP level 2. HP: 15/15 MP: 4/9
   343 | D:1      | Learned a level 2 spell: Blink
   346 | D:1      | Learned a level 2 spell: Call Imp
   610 | D:1      | Reached skill level 5 in Spellcasting
  1002 | D:1      | Reached XP level 3. HP: 19/19 MP: 7/14
  1008 | D:1      | Learned a level 3 spell: Conjure Flame
  1012 | D:1      | Learned a level 3 spell: Mephitic Cloud
  1801 | D:2      | Noticed Terence
  1815 | D:2      | Killed Terence
  1815 | D:2      | Reached XP level 4. HP: 24/24 MP: 7/17
  1822 | D:2      | Learned a level 2 spell: Repel Missiles
  2177 | D:2      | Noticed Crazy Yiuf
  2188 | D:2      | Killed Crazy Yiuf
  2188 | D:2      | Reached skill level 6 in Spellcasting
  2363 | D:3      | Reached XP level 5. HP: 15/28 MP: 7/20
  2602 | D:4      | Noticed faibistes' ghost (average DEWz)
  2673 | D:4      | Killed faibistes' ghost
  2673 | D:4      | Reached XP level 6. HP: 32/32 MP: 8/22
  2758 | D:3      | Found a sparkling altar of Nemelex Xobeh.
  3055 | D:3      | Reached skill level 7 in Spellcasting
  3304 | D:3      | Noticed Ijyb
  3312 | D:3      | Killed Ijyb
  3664 | D:5      | Entered Level 5 of the Dungeon
  3742 | D:4      | Found a staircase to the Ecumenical Temple.
  3750 | Temple   | Entered the Ecumenical Temple
  3842 | Temple   | Became a worshipper of Sif Muna the Loreminder
  4067 | D:4      | Noticed an ogre
  4074 | D:4      | Killed an ogre
  4074 | D:4      | Reached XP level 7. HP: 36/36 MP: 18/25
  4138 | D:4      | Reached skill level 1 in Fire Magic
  4271 | D:4      | Reached skill level 1 in Air Magic
  5124 | D:5      | Reached skill level 1 in Poison Magic
  5354 | D:5      | Noticed Eustachio
  5375 | D:5      | Killed Eustachio
  5375 | D:5      | Acquired Sif Muna's first power
  5375 | D:5      | Reached skill level 5 in Dodging
  5375 | D:5      | Reached skill level 5 in Conjurations
  5691 | D:5      | Reached skill level 8 in Spellcasting
  5691 | D:5      | Reached XP level 8. HP: 41/41 MP: 14/27
  5830 | D:5      | Noticed Duvessa
  5831 | D:5      | Noticed Dowan
  6186 | D:5      | Killed Duvessa
  6205 | D:5      | Killed Dowan
  6633 | D:6      | Killed from afar by an orc priest

Action                   |  1- 3 |  4- 6 |  7- 9 || total
-------------------------+-------+-------+-------++-------
Melee: Unarmed           |     2 |       |       ||     2
       Dagger            |     6 |     7 |    22 ||    35
 Cast: Magic Dart        |    94 |   120 |   142 ||   356
       Mephitic Cloud    |     3 |     6 |    12 ||    21
       Blink             |     3 |     1 |     7 ||    11
       Conjure Flame     |     2 |     8 |    14 ||    24
       Repel Missiles    |       |     1 |     1 ||     2
  Use: Scroll            |     1 |    12 |     2 ||    15
       Potion            |       |       |     2 ||     2
 Stab: Confused          |     2 |     1 |     2 ||     5
  Eat: Chunk             |     3 |     7 |     7 ||    17
